 Seeded DCSS version 0.30.0-19-g36f170ea60 (webtiles) character file.

Game seed: 11886293852011996080 (custom seed)

68000 bmack86 the Severer (level 14, 0/141 HPs)
             Began as a Minotaur Fighter on May 30, 2023.
             Was an Initiate of Gozag.
             Slain by a yak (9 damage)
             ... on level 5 of the Lair of Beasts.
             The game lasted 00:50:41 (18864 turns).

bmack86 the Severer (Minotaur Fighter)             Turns: 18864, Time: 00:50:41

Health: 0/141      AC: 23    Str: 33    XL:     14   Next: 85%
Magic:  13/13      EV:  7    Int:  5    God:    Gozag
Gold:   4491       SH: 21    Dex: 10    Spells: 13/13 levels left

rFire   + . .        K - +9 broad axe of Magnificence {flame, rF+ rC+ Str+4 SInv}
rCold   + + +        B - +3 tower shield of Duck's Teeth {rElec rC+ rCorr Str+3}
rNeg    . . .        D - +2 plate armour of Magic {Contam Fly rElec}
rPois   +            (helmet restricted)
rElec   +            S - +2 cloak {rPois}
rCorr   +            d - +2 pair of gloves
SInv    +            (no boots)
Will    +....        c - amulet of the acrobat Stlth
                     t - ring of see invisible
HPRegen 0.43/turn    z - ring of protection from cold
MPRegen 0.13/turn

%: acrobat
@: gold aura, flying, studying Polearms
A: horns 2, retaliatory headbutt
a: Renounce Religion, Potion Petition, Call Merchant, Bribe Branch


You were on level 5 of the Lair of Beasts.
You worshipped Gozag.
Gozag was most pleased with you.
You visited 3 branches of the dungeon, and saw 21 of its levels.
You also visited: Gauntlet.

You collected 5274 gold pieces.
You paid 783 gold pieces to Gozag.

Inventory:

Hand Weapons
 K - the +9 broad axe of Magnificence (weapon) {flame, rF+ rC+ Str+4 SInv}
   (You found it on level 9 of the Dungeon)

   Str:       It affects your strength (+4).
   rF:        It protects you from fire.
   rC:        It protects you from cold.
   SInv:      It lets you see invisible.
 W - a +2 broad axe
Missiles
 e - 17 boomerangs (quivered)
 P - 2 silver boomerangs
 U - 9 javelins
Armour
 d - a +2 pair of gloves (worn)
 B - the +3 tower shield of Duck's Teeth (worn) {rElec rC+ rCorr Str+3}
   (You found it on level 7 of the Dungeon)

   Str:       It affects your strength (+3).
   rC:        It protects you from cold.
   rElec:     It insulates you from electricity.
   rCorr:     It protects you from acid and corrosion.
 D - the +2 plate armour of Magic (worn) {Contam Fly rElec}
   (You acquired it on level 3 of the Lair of Beasts)

   rElec:     It insulates you from electricity.
   Fly:       It grants you flight.
   Contam:    It causes magical contamination when unequipped.
 S - a +2 cloak of poison resistance (worn)
Jewellery
 c - an amulet of the acrobat (around neck)
 h - a ring of fire
 j - a ring of ice
 k - a ring of ice
 t - a ring of see invisible (left hand)
 z - a ring of protection from cold (right hand)
 T - a ring of fire
 V - a ring of positive energy
Wands
 u - a wand of acid (10)
 w - a wand of mindburst (17)
 C - a wand of polymorph (23)
 E - a wand of roots (44)
 F - a wand of paralysis (8)
 I - a wand of flame (49)
 J - a wand of digging (5)
Scrolls
 a - 5 scrolls of fear
 g - a scroll of magic mapping
 l - 5 scrolls of enchant armour
 n - 6 scrolls of fog
 q - a scroll of butterflies
 x - 2 scrolls of blinking
 y - 17 scrolls of teleportation
 G - a scroll of torment {unknown}
 H - 3 scrolls of vulnerability {unknown}
 L - a scroll of brand weapon {unknown}
Potions
 b - a potion of might
 f - a potion of berserk rage
 i - 2 potions of mutation
 m - 11 potions of curing
 o - 5 potions of lignification
 p - 3 potions of flight
 r - 2 potions of cancellation
 A - a potion of ambrosia
 M - 4 potions of magic
 N - 3 potions of invisibility
 O - 2 potions of haste
 Q - 6 potions of heal wounds
 R - 2 potions of resistance


   Skills:
 + Level 17.7 Fighting
 - Level 18.0 Axes
 + Level 6.9 Throwing
 + Level 9.2 Armour
 - Level 15.9 Shields


You had 13 spell levels left.
You didn't know any spells.
Your spell library contained the following spells:

 Spells                   Type           Power      Damage    Failure   Level
 Freeze                   Ice            0%         1d3       99%         1
 Magic Dart               Conj           0%         1d3       99%         1
 Necrotise                Necr           0%         1d4       99%         1
 Sandblast                Erth           0%         2d4       99%         1
 Shock                    Conj/Air       0%         1d3       99%         1
 Slow                     Hex            0%         N/A       99%         1
 Summon Small Mammal      Summ           0%         N/A       99%         1
 Blink                    Tloc           0%         N/A       100%        2
 Cigotuvi's Dreadful Rot  Necr/Pois/Air  0%         N/A       100%        2
 Lesser Beckoning         Tloc           0%         N/A       100%        2
 Momentum Strike          Conj/Tloc      0%         3d8       100%        2
 Passwall                 Tmut/Erth      0%         N/A       100%        2
 Poisonous Vapours        Pois/Air       0%         N/A       100%        2
 Scorch                   Fire           0%         2d5       100%        2
 Searing Ray              Conj           0%         2d4       100%        2
 Call Canine Familiar     Summ           0%         N/A       100%        3
 Confusing Touch          Hex            0%         N/A       100%        3
 Frozen Ramparts          Ice            0%         1d1       100%        3
 Hailstorm                Conj/Ice       0%         3d3       100%        3
 Ignite Poison            Fire/Tmut/Pois 0%         N/A       100%        3
 Inner Flame              Hex/Fire       0%         N/A       100%        3
 Mephitic Cloud           Conj/Pois/Air  0%         N/A       100%        3
 Stone Arrow              Conj/Erth      0%         3d7       100%        3
 Summon Guardian Golem    Hex/Summ       0%         N/A       100%        3
 Vampiric Draining        Necr           0%         2d6       100%        3
 Volatile Blastmotes      Fire/Tloc      0%         2d10      100%        3
 Anguish                  Hex/Necr       0%         N/A       100%        4
 Animate Armour           Summ/Erth      0%         N/A       100%        4
 Cause Fear               Hex            0%         N/A       100%        4
 Dispel Undead            Necr           0%         3d6       100%        4
 Fulminant Prism          Conj/Hex       0%         3d5       100%        4
 Ice Form                 Ice/Tmut       0%         N/A       100%        4
 Iskenderun's Mystic Bla  Conj/Tloc      0%         2d3       100%        4
 Leda's Liquefaction      Hex/Erth       0%         N/A       100%        4
 Olgreb's Toxic Radiance  Pois           0%         N/A       100%        4
 Sticky Flame             Conj/Fire      0%         2d3       100%        4
 Summon Ice Beast         Ice/Summ       0%         N/A       100%        4
 Agony                    Necr           0%         N/A       100%        5
 Blade Hands              Tmut           0%         N/A       100%        5
 Freezing Cloud           Conj/Ice/Air   0%         6-21      100%        5
 Lee's Rapid Deconstruct  Erth           0%         3d4*      100%        5
 Death Channel            Necr           0%         N/A       100%        6
 Iron Shot                Conj/Erth      0%         9d1       100%        6
 Statue Form              Tmut/Erth      0%         N/A       100%        6
 Enfeeble                 Hex            0%         N/A       100%        7
 Discord                  Hex            0%         N/A       100%        8
 Ignition                 Fire           0%         3d3       100%        8
 Maxwell's Capacitive Co  Air            0%         ∞         100%        8


Dungeon Overview and Level Annotations

Branches:
Dungeon (15/15)            Temple (1/1) D:4            Lair (5/5) D:9
 Shoals (0/4) Lair:2       Spider (0/4) Lair:2          Orc (0/2) D:9
 Vaults (0/5) D:14         Depths (0/4) D:15        Gauntlet (visited)
  Slime: Lair:4-5

Altars:
Cheibriados
Elyvilon
Fedhas
Gozag
Hepliaklqana
Kikubaaqudgha
Makhleb
Nemelex Xobeh
Okawaru
Qazlal
Sif Muna
Trog
Uskayaw
Wu Jian
Zin
The Shining One

Shops:
D:4 =   D:12 (

Portals:
Trove: D:14 (show slimy rune of Zot)

Annotations:
D:13 exclusion: statue
Lair:5 3 runed translucent doors


Innate Abilities, Weirdness & Mutations

You have a pair of horns on your head.
You reflexively headbutt those who attack you in melee.


Message History

* * * LOW HITPOINT WARNING * * *
The death yak gores you.
* * * LOW HITPOINT WARNING * * *
The manticore bites you but does no damage.
The manticore claws you.
* * * LOW HITPOINT WARNING * * *
The manticore claws you.
* * * LOW HITPOINT WARNING * * *
The yak gores you but does no damage.
The catoblepas gores you but does no damage.
The yak gores you but does no damage.
The manticore bites you but does no damage.
The manticore claws you but does no damage.
The manticore claws you.
* * * LOW HITPOINT WARNING * * *
The death yak gores you but does no damage.
The yak gores you but does no damage.
The catoblepas is distracted by your dazzling golden aura.
The catoblepas bellows!
You turn to flesh and can move again.
You slice the catoblepas!! You burn the catoblepas!
The catoblepas is no longer distracted by gold.
You headbutt the catoblepas, but do no damage.
The catoblepas is almost dead.
You slash the yak! You burn the yak. You closely miss the yak.
You slash the death yak! You burn the death yak. You hit the manticore.
You burn the manticore.
The catoblepas breathes a plume of calcifying dust at you.
The blast of calcifying dust hits you but does no damage.
The blast of calcifying dust hits the death yak but does no damage.
The blast of calcifying dust hits the yak!
You block the manticore's attack. x2
The manticore claws you but does no damage.
The yak gores you but does no damage.
The death yak is engulfed in calcifying dust.
The death yak is moving more slowly.
The death yak gores you!!
* * * LOW HITPOINT WARNING * * *
The yak gores you!
You die...
Your body crumbles into a pile of gold.

.. .. ..##. ##. ....
#.. .Y.# ..# #..##
..## ### #..# ##..P#
##.### #Y###$..##
##....####YY.$$...#
#......##Y@YY$###..#
#......#..H### .#
#..##.....##
#...###.###
##...#######
##...###P.#
##.....P#
####......###
##....8......##


You could see a death yak (petrifying), a catoblepas, a manticore and 4 yaks.

Vanquished Creatures
  Agnes (D:15)
  Nessos (D:13)
  A dire elephant (D:15)
  A minotaur (Gauntlet)
  The ghost of tizbic2 the Fighter, a journeyman FoHu of Zin (D:12)
  3 hydras
  Fannar (Lair:3)
  An ogre mage (D:14)
  4 catoblepae
  4 centaur warriors
  A boulder beetle (D:15)
  5 two-headed ogres
  A tengu warrior (D:14)
  10 death yaks
  A deep troll earth mage (D:12)
  A pharaoh ant (Lair:2)
  A sixfirhy (Gauntlet)
  A lindwurm (Lair:3)
  3 wizards
  3 deep elf pyromancers
  An oklob plant (Gauntlet)
  4 ugly things (D:15)
  2 cyclopes
  2 salamanders
  3 manticores
  10 elephants
  3 black mambas
  9 cane toads
  Maggie (D:7)
  3 rime drakes
  A kobold demonologist (D:11)
  An efreet (D:9)
  4 komodo dragons
  Grinder (D:5)
  6 polar bears
  5 trolls
  A tarantella (Lair:2)
  18 blink frogs
  A dream sheep (D:8)
  A snapping turtle (Lair:2)
  A shadow (D:13)
  8 slime creatures
  Sigmund (D:5)
  A jumping spider (Lair:2)
  5 wyverns
  4 wraiths
  Eustachio (D:5)
  2 basilisks
  3 fire bats (Lair:5)
  3 hogs (D:8)
  44 yaks
  7 vampire mosquitoes (D:11)
  A steam dragon (D:7)
  Grum (D:9)
  3 wargs (D:9)
  5 acid dragons
  Edmund (D:6)
  11 water moccasins
  6 orc warriors
  Duvessa (D:7)
  3 black bears
  An ice beast (D:7)
  3 sky beasts
  2 ogres (D:6)
  16 centaurs
  5 wolves
  A phantom (D:5)
  Blork the orc (D:4)
  3 kobold brigands
  2 gnoll sergeants (D:9)
  10 bullfrogs
  A necrophage (D:5)
  2 scorpions
  11 killer bees
  9 wights
  Dowan (D:7)
  2 electric eels
  A vampire bat (Lair:1)
  5 howler monkeys
  A spectral bullfrog (D:5)
  9 hounds
  A jelly (D:6)
  A bullfrog skeleton (D:5)
  2 gnoll boudas
  9 orc priests
  A sleepcap (D:6)
  2 iguanas
  Ijyb (D:4)
  Natasha (twice) (D:2)
  17 orc wizards
  A scorpion simulacrum (D:5)
  A hound skeleton (D:5)
  6 adders
  22 gnolls
  A shadow imp (Gauntlet)
  A white imp (Gauntlet)
  3 ufetubi (Gauntlet)
  57 orcs
  6 ball pythons
  10 endoplasms
  3 giant cockroaches (D:1)
  7 goblins
  12 hobgoblins
  18 kobolds
  A quokka (D:1)
  9 bats
  7 rats
521 creatures vanquished.

Vanquished Creatures (others)
  A white imp (Gauntlet)
  A quokka (D:15)
2 creatures vanquished.

Grand Total: 523 creatures vanquished

Notes
Turn   | Place    | Note
-------+----------+-------------------------------------------
     0 | D:1      | bmack86 the Minotaur Fighter began the quest for the Orb.
     0 | D:1      | Reached XP level 1. HP: 19/19 MP: 0/0
   111 | D:1      | Reached skill level 3 in Axes
   142 | D:1      | Reached XP level 2. HP: 26/26 MP: 1/1
   304 | D:1      | Reached skill level 4 in Axes
   478 | D:1      | Reached XP level 3. HP: 19/31 MP: 2/2
   613 | D:2      | Found a faded altar of an unknown god.
   617 | D:2      | Noticed Natasha
   623 | D:2      | Killed Natasha
   624 | D:2      | Reached skill level 5 in Axes
   624 | D:2      | Reached XP level 4. HP: 27/39 MP: 3/3
   921 | D:2      | Noticed Natasha
   928 | D:2      | Killed Natasha
   959 | D:2      | Reached skill level 6 in Axes
  1837 | D:4      | Reached XP level 5. HP: 45/45 MP: 4/4
  2040 | D:4      | Noticed Ijyb
  2046 | D:4      | Killed Ijyb
  2047 | D:4      | Reached skill level 7 in Axes
  2144 | D:4      | Noticed Blork the orc
  2149 | D:4      | Killed Blork the orc
  2150 | D:4      | Reached XP level 6. HP: 51/51 MP: 5/5
  2222 | D:4      | Reached skill level 8 in Axes
  2459 | D:4      | Found a staircase to the Ecumenical Temple.
  2494 | D:5      | Entered Level 5 of the Dungeon
  2585 | D:4      | Found Ruom Hoe's Jewellery Boutique.
  2739 | D:5      | Reached skill level 9 in Axes
  2815 | D:5      | Reached XP level 7. HP: 40/57 MP: 6/6
  2834 | D:5      | Noticed Grinder
  2837 | D:5      | Paralysed by Grinder for 2 turns
  2854 | D:5      | Paralysed by Grinder for 3 turns
  2857 | D:5      | Killed Grinder
  2858 | D:5      | Reached skill level 10 in Axes
  2925 | D:5      | Noticed Eustachio
  2947 | Temple   | Entered the Ecumenical Temple
  2975 | Temple   | Became a worshipper of Gozag Ym Sagoz the Greedy
  3013 | D:5      | Killed Eustachio
  3014 | D:5      | Reached skill level 11 in Axes
  3069 | D:5      | Reached XP level 8. HP: 56/64 MP: 7/7
  3250 | D:5      | Noticed Sigmund
  3259 | D:5      | Reached skill level 12 in Axes
  3270 | D:5      | Killed Sigmund
  3674 | D:5      | Reached skill level 13 in Axes
  3732 | D:5      | Identified the +5 dagger "Yxatestry" {pain, *Noise rN++
                  | Int-5 Dex+8}
  3869 | D:5      | Found a glowing golden altar of the Shining One.
  3869 | D:5      | Found a faded altar of an unknown god.
  3877 | D:5      | Found a faded altar of an unknown god.
  3880 | D:5      | Found an iron altar of Okawaru.
  3882 | D:5      | Found a blossoming altar of Fedhas.
  4011 | D:6      | Noticed Edmund
  4026 | D:6      | Killed Edmund
  4027 | D:6      | Reached skill level 14 in Axes
  4027 | D:6      | Reached XP level 9. HP: 41/70 MP: 8/8
  4405 | D:6      | Found a burning altar of Makhleb.
  4549 | D:7      | Reached skill level 5 in Fighting
  4549 | D:7      | Reached skill level 5 in Shields
  5189 | D:7      | Noticed Dowan
  5200 | D:7      | Killed Dowan
  5203 | D:7      | Noticed Duvessa
  5215 | D:7      | Killed Duvessa
  5405 | D:7      | Identified the +3 tower shield of Duck's Teeth {rElec rC+
                  | rCorr Str+3}
  5774 | D:7      | Noticed Maggie
  5794 | D:7      | Killed Maggie
  5798 | D:7      | Reached XP level 10. HP: 18/88 MP: 9/9
  6234 | D:8      | Found a huge runed translucent gate.
  6235 | D:8      | Found a huge runed translucent gate.
  6235 | D:8      | Found a huge runed translucent gate.
  6235 | D:8      | Found a huge runed translucent gate.
  6235 | D:8      | Noticed a manticore
  7295 | D:9      | Noticed Grum
  7304 | D:9      | Killed Grum
  7366 | D:9      | Found a staircase to the Lair.
  7374 | D:9      | Reached skill level 10 in Fighting
  7374 | D:9      | Reached skill level 10 in Shields
  7515 | D:9      | Noticed a two-headed ogre
  7517 | D:9      | Noticed a two-headed ogre
  7797 | D:9      | Found a staircase to the Orcish Mines.
  8221 | D:9      | Killed a two-headed ogre
  8222 | D:9      | Reached XP level 11. HP: 87/102 MP: 10/10
  8253 | D:9      | Killed a two-headed ogre
  8264 | D:9      | Identified the +9 broad axe of Magnificence {flame, rF+ rC+
                  | Str+4 SInv}
  8361 | D:9      | Identified the +7 great mace of the Pyrrhic Victory {flame,
                  | rElec Stlth+}
  8363 | D:9      | Got Cawep's Elucidation of Exhalation and Lava
  8497 | D:10     | Entered Level 10 of the Dungeon
  8565 | D:10     | Found a stormy altar of Qazlal.
  8994 | D:10     | Found an ornate altar of the Wu Jian Council.
  9446 | D:11     | Reached skill level 15 in Axes
  9569 | D:11     | Noticed a deep elf pyromancer
  9588 | D:11     | Killed a deep elf pyromancer
  9933 | D:12     | Found Ferasis's Weapon Emporium.
 10064 | D:12     | You fall into a shaft and drop 3 floors!
 10064 | D:15     | Entered Level 15 of the Dungeon
 10073 | D:15     | Found a white marble altar of Elyvilon.
 10073 | D:15     | Noticed a cyan ugly thing
 10073 | D:15     | Noticed a cyan ugly thing
 10075 | D:15     | Noticed a cyan ugly thing
 10087 | D:15     | Noticed a cyan ugly thing
 10088 | D:15     | Killed a cyan ugly thing
 10091 | D:15     | Noticed Agnes
 10094 | D:15     | Killed a green ugly thing
 10095 | D:15     | Reached XP level 12. HP: 97/115 MP: 11/11
 10106 | D:15     | Killed Agnes
 10115 | D:15     | Noticed a boulder beetle
 10130 | D:15     | Killed a boulder beetle
 11063 | D:15     | Reached skill level 16 in Axes
 11086 | D:15     | Found a staircase to the Depths.
 11086 | D:15     | Noticed a dire elephant
 11087 | D:15     | Noticed a seven-headed hydra
 11099 | D:15     | Killed a dire elephant
 11104 | D:15     | Killed a two-headed hydra
 11440 | D:14     | Noticed a centaur warrior
 11445 | D:14     | Killed a centaur warrior
 11605 | D:14     | Noticed a tengu warrior
 11624 | D:14     | Killed a tengu warrior
 11836 | D:14     | Found a portal to a secret trove of treasure.
 12058 | D:14     | Noticed an ogre mage
 12059 | D:14     | Noticed a two-headed ogre
 12059 | D:14     | Noticed a two-headed ogre
 12060 | D:14     | Found a gate to the Vaults.
 12065 | D:14     | Killed an ogre mage
 12066 | D:14     | Killed a two-headed ogre
 12067 | D:14     | Killed a two-headed ogre
 12329 | D:14     | Noticed a centaur warrior
 12345 | D:14     | Killed a centaur warrior
 12640 | D:13     | Noticed a two-headed ogre
 12647 | D:13     | Killed a two-headed ogre
 12648 | D:13     | Reached XP level 13. HP: 125/125 MP: 12/12
 12704 | D:13     | Found a gate leading to a gauntlet.
 12711 | Gauntlet | Entered a Gauntlet
 12711 | Gauntlet | Found a transporter.
 12711 | Gauntlet | Found a transporter.
 12867 | Gauntlet | Found a transporter.
 12867 | Gauntlet | Found a transporter.
 12869 | Gauntlet | Found a transporter.
 12889 | Gauntlet | Found a transporter.
 12902 | Gauntlet | Found a transporter.
 12926 | Gauntlet | Found a transporter.
 12927 | Gauntlet | Found a transporter.
 12927 | Gauntlet | Found a transporter.
 12947 | Gauntlet | Found a transporter.
 12961 | Gauntlet | Found a transporter.
 12968 | Gauntlet | Found a transporter.
 13002 | Gauntlet | Found a transporter.
 13145 | Gauntlet | Reached skill level 17 in Axes
 13166 | Gauntlet | Reached skill level 15 in Fighting
 13166 | Gauntlet | Reached skill level 15 in Shields
 13259 | Gauntlet | Noticed a minotaur
 13268 | Gauntlet | Killed a minotaur
 13467 | D:13     | Noticed Nessos
 13481 | D:13     | Killed Nessos
 14073 | D:12     | Found a runed translucent door.
 14073 | D:12     | Noticed tizbic2's ghost (journeyman FoHu)
 14101 | D:12     | Killed tizbic2's ghost
 14591 | D:12     | Found a transporter.
 14597 | D:12     | Found a transporter.
 15155 | Lair:1   | Entered Level 1 of the Lair of Beasts
 15258 | Lair:1   | Reached skill level 1 in Throwing
 15410 | Lair:1   | Reached skill level 18 in Axes
 15535 | Lair:1   | Reached skill level 5 in Armour
 15538 | Lair:1   | Reached XP level 14. HP: 66/138 MP: 13/13
 16102 | Lair:2   | Found a hole to the Spider Nest.
 16731 | Lair:2   | Found a staircase to the Shoals.
 17062 | Lair:3   | Noticed Fannar
 17072 | Lair:3   | Killed Fannar
 17431 | Lair:3   | Identified a scroll of acquirement
 17431 | Lair:3   | Acquired the +2 plate armour of Magic {Contam Fly rElec}
 17694 | Lair:4   | Reached skill level 5 in Throwing
 17994 | Lair:4   | Identified the +5 ring mail of Reuckac {+Inv rElec rN++
                  | rCorr}
 18412 | Lair:5   | Entered Level 5 of the Lair of Beasts
 18646 | Lair:5   | Found a runed translucent gate.
 18646 | Lair:5   | Found a runed translucent gate.
 18655 | Lair:5   | Found a runed translucent gate.
 18864 | Lair:5   | Slain by a yak

Illustrated notes

Levels and vault maps discovered:
D:1:      zaba_arrival_water, layout_basic, kennysheep_pointless_box
D:2:      layout_basic, hellmonk_ecumenical_altar_blasted, uniq_natasha
D:3:      layout_basic
D:4:      layout_basic, minmay_temple_entry_from_below_a, serial_shops,
          kennysheep_mini_moat, uniq_ijyb, uniq_blork_the_orc
D:5:      layout_basic, chequers_temple_overflow_minitemple,
          dilly_guarded_unrand_morg, uniq_eustachio, uniq_grinder, uniq_sigmund
D:6:      layout_rooms, kennysheep_mini, uniq_edmund
D:7:      layout_loops_cross, uniq_maggie, uniq_duvessa
D:8:      lemuel_bear_cage, layout_basic, nrook_uturn
D:9:      layout_cross, erik_lair_orcish_takeover, hiddenorc1_lemuel,
          serial_gnoll_camp, gnoll_camp_mini_hut, gnoll_camp_mini_hut,
          gnoll_camp_mini_hut, grums_kennel, mrwooster_statue_mirror,
          minmay_diamond_spiral
D:10:     layout_rooms, grunt_qazlal_sundering, pdpol_wu_jian_five_deadly_venoms
D:11:     layout_cave_pools
D:12:     layout_loops_corners, serial_shops, shop, ebering_ghost_inner_flame,
          nicolae_diode_stairs
D:13:     layout_long_grid, gauntlet_entry_generic, minmay_dual_archer_statues,
          uniq_nessos
D:14:     layout_stronghold, david_vaults_2, kennysheep_flooded_box,
          nicolae_trove_entry_free_sample
D:15:     hangedman_depths_entry_try_elsewhere_first, layout_loops_corners,
          elyvilon_altar_4, uniq_agnes
Temple:   nicolae_temple_bog_church
Lair:1:   layout_regular_city, roderic_batcave, nicolae_lair_grazing_beasts
          [nicolae_sub_lair_graze_edge, nicolae_sub_lair_graze_edge,
          nicolae_sub_lair_graze_edge, nicolae_sub_lair_graze_edge],
          infiniplex_staircase_pool
Lair:2:   layout_regular_city, minmay_shoals_entry_hut,
          nicolae_spider_entry_lesser_pyramids, beast_lair_carwin_5,
          infiniplex_staircase_pool_2
Lair:3:   layout_misc_corridors, serial_bayou_pond_a, lemuel_fruit_tree,
          grunt_megastairs_5, serial_bayou_shore_b, uniq_fannar
Lair:4:   layout_long_grid, serial_bayou_pond_a
Lair:5:   evilmike_catoblepas_cave, layout_gridlike,
          nicolae_slime_entry_field_trip, gammafunk_ghost_hydra_chop,
          hellmonk_guarded_unrand_seven_league_boots

Skill      XL: |  1  2  3  4  5  6  7  8  9 10 11 12 13 14 |
---------------+-------------------------------------------+-----
Axes           | 3 4 5 6 7 9 11 14 15 16 18 | 18.0
Fighting       | 7 11 13 14 16 17 | 17.7
Shields        | 7 11 13 14 15 | 15.9
Throwing       | 3 6 |  6.9
Armour         | 5 9 |  9.2

Action                     |  1- 3 |  4- 6 |  7- 9 | 10-12 | 13-15 || total
---------------------------+-------+-------+-------+-------+-------++-------
  Melee: War axe           |    43 |   100 |   230 |   170 |       ||   543
         Headbutt          |     7 |     7 |    41 |    72 |    75 ||   202
         Broad axe         |       |       |       |   248 |   403 ||   651
  Throw: Boomerang         |       |     2 |       |       |     7 ||     9
 Invoke: Potion Petition   |       |       |       |     3 |       ||     3
    Use: Scroll            |     3 |     8 |     4 |     7 |    10 ||    32
         Potion            |       |       |     2 |     3 |     1 ||     6
   Stab: Distracted        |       |       |     1 |       |     2 ||     3
         Petrified         |       |       |       |       |     8 ||     8
         Petrifying        |       |       |       |       |     1 ||     1
 Armour: Scale mail        |    21 |    40 |       |       |       ||    61
         Plate armour      |       |     7 |   120 |   138 |   189 ||   454
  Dodge: Dodged            |    22 |    53 |    50 |    73 |    91 ||   289
  Block: Buckler           |    10 |    12 |    36 |       |       ||    58
         Tower shield      |       |       |    19 |   443 |   420 ||   882
